 Dungeon Crawl Stone Soup version 0.29-a0-982-gaed3a0c8d8 (webtiles) character file.

Game seed: 10247286256728313938

2 MisterAzrael the Gusty (level 1, 0/10 HPs)
             Began as a Deep Elf Air Elementalist on Aug 1, 2022.
             Frozen to death by an endoplasm (3 damage)
             ... on level 1 of the Dungeon.
             The game lasted 00:00:18 (73 turns).

MisterAzrael the Gusty (Deep Elf Air Elementalist)    Turns: 73, Time: 00:00:18

Health: 0/10       AC:  2    Str:  5    XL:     1   Next: 25%
Magic:  1/6        EV: 12    Int: 19    God:
Gold:   11         SH:  0    Dex: 15    Spells: 5/6 levels left

rFire   . . .      SeeInvis .   (no weapon)
rCold   . . .      Faith    .   (no shield)
rNeg    . . .      Spirit   .   a - +0 robe
rPois   .          Reflect  .   (no helmet)
rElec   .          Harm     .   (no cloak)
rCorr   .          Rampage  .   (no gloves)
Will    .....                   (no boots)
Stlth   ++........              (no amulet)
HPRegen 0.03/turn               (no ring)
MPRegen 0.10/turn               (no ring)

@: very slightly contaminated
A: no striking features
a: no special abilities


You were on level 1 of the Dungeon.
You visited 1 branch of the dungeon, and saw 1 of its levels.

You collected 11 gold pieces.

Inventory:

Armour
 a - a +0 robe (worn)
Potions
 b - a potion of magic
 c - a potion of curing {unknown}


   Skills:
 - Level 2.4 Dodging
 - Level 2.4 Stealth
 + Level 3.0 Spellcasting
 * Level 1.2 Conjurations
 + Level 3.0 Air Magic


You had 5 spell levels left.
You knew the following spells:

 Your Spells              Type           Power      Damage    Failure   Level
a - Shock                 Conj/Air       44%        1d5       6%          1

Your spell library contained the following spells:

 Spells                   Type           Power      Damage    Failure   Level
 Static Discharge         Conj/Air       11%        3-5/arc   10%         2
 Swiftness                Air            14%        N/A       13%         3
 Airstrike                Air            7%         0-3+      41%         4


Dungeon Overview and Level Annotations

Branches:
Dungeon (1/15)

Altars:


Message History

You kill the kobold!
Your magical contamination has completely faded away.
Magic restored.
A ball python comes into view.
Found 6 stones.
A ball python is nearby!
The zap hits the ball python.
You kill the ball python!
A bat comes into view.
Found 10 gold pieces and a spear.
You see here a ball python corpse.
A bat is nearby!
The zap hits the bat.
The bat is moderately wounded.
An endoplasm comes into view.
The bat hits you.
The zap misses the bat.
The bat hits you. The bat barely misses you. The bat attacks as you move away!
The bat hits you. The bat barely misses you. The bat closely misses you.
The zap misses the bat.
The zap hits the endoplasm.
The endoplasm is severely wounded.
The bat barely misses you. The bat closely misses you.
Aiming: Shock (safe; 6% risk of failure)
Press: ? - help, Q - select action Shift-Dir - straight line, f/p - bat
Aim: a bat (52% to hit)
The zap misses the bat.
The bat hits you. The endoplasm freezes you.
You are frozen.
* * * LOW HITPOINT WARNING * * *
Aiming: Shock (safe; 6% risk of failure)
Press: ? - help, Q - select action Shift-Dir - straight line, f - endoplasm, p - bat
Aim: an endoplasm (severely wounded, 97% to hit)
You miscast Shock.
You are very lightly contaminated with residual magic.
Nothing appears to happen.
The endoplasm freezes you.
You are frozen.
You die...

.............). ####
............#######
...####.................
⌠.....##................
.......#................
...#.....#...##.........
...###...#.#...)........
<..# ##..#.#............
...###...#.##.#.@b......
...#............J.......
.......#...#####.#...(..
⌠.....##...# #†.......
...#####.#.# #.###....
#### ..#.# ..# ...# ##.#
$#.. ... #)#?. #. # #...


You could see an endoplasm and a bat.

Vanquished Creatures
  A kobold (D:1)
  A ball python (D:1)
2 creatures vanquished.

Notes
Turn   | Place    | Note
-------+----------+-------------------------------------------
     0 | D:1      | MisterAzrael the Deep Elf Air Elementalist began the quest
                  | for the Orb.
     0 | D:1      | Reached XP level 1. HP: 10/10 MP: 6/6
    73 | D:1      | Frozen to death by an endoplasm

Illustrated notes

Levels and vault maps discovered:
D:1:      dpeg_arrival_arbitrary_c, layout_rooms,
          hellmonk_ecumenical_altar_run_dry, minmay_split_cup_large

Action                   || total
-------------------------++-------
 Cast: Shock             ||     7
Dodge: Dodged            ||     5

Table legend: (Time is in decaauts)
 A = Elapsed time spent in this place.
 B = Non-inter-level travel time spent in this place.
 C = Inter-level travel time spent in this place.
 D = Time resting spent in this place.
 E = Time spent auto-exploring this place.
 F = Levels seen in this place.
 G = Mean time per level.
                   A        B        C        D        E       F      G
               +--------+--------+--------+--------+--------+-----+--------+
         Total |     73 |     73 |      0 |      0 |     57 |   1 |   73.0 |
       Dungeon |     73 |     73 |      0 |      0 |     57 |   1 |   73.0 |
               +--------+--------+--------+--------+--------+-----+--------+

Top non-repeatable levels by time:
     D:1: 73 daAuts
